Cogmind - Beta 13 X1 @@@ ROGUE MODE // 2023.06.21 @ 22:51:14 Player: Runia Result: Self-destructed Performance ------------- Evolutions (0) 0 Regions Visited (3) 600 Robots Destroyed (24) 120 Value Destroyed (518) 518 Prototype IDs (0) 0 Alien Tech Used (0) 0 Bonus (0) 0 TOTAL SCORE: 1238 Bonus ------- None Cogmind --------- Core Integrity 25/250 Matter 220/300 Energy 99/100 System Corruption 0% Temperature Cool (0) Movement Core (50) Location -7/Recycling Parts ------- > --- POWER (1) -------- (None) > --- PROPULSION (2) --- (None) > --- UTILITY (2) ------ Scrap Engine > --- WEAPON (2) ------- Assault Rifle > --- INVENTORY (5) ---- Improved Heat Sink Huge Storage Unit Signal Interpreter Light Armor Plating Hammer Peak State ------------ > --- POWER ------------ (None) > --- PROPULSION ------- (None) > --- UTILITY ---------- Scrap Engine > --- WEAPON ----------- Assault Rifle > --- INVENTORY -------- Improved Heat Sink Huge Storage Unit Signal Interpreter Light Armor Plating Hammer [Rating: 17] Favorites ----------- Power Light Ion Engine Engine Light Ion Engine Propulsion Light Treads Treads Light Treads Leg Aluminum Leg Wheel Wheel Utility Structural Scanner Device Structural Scanner Storage Small Storage Unit Protection Light Armor Plating Weapon Assault Rifle Ballistic Gun Assault Rifle Build | -11 -10 -10 -7 ------- Run | Jun Mat Sub Rec Slots Evolved . | . . . . Power . | . . . . Propulsion . | . . . . Utility . | . . . . Weapon . | . . . . Parts Attached 15 | 2 10 2 1 Power 2 | . 1 1 . Engine 2 | . 1 1 . Core . | . . . . Reactor . | . . . . Propulsion 5 | 2 3 . . Treads 3 | 2 1 . . Leg . | . . . . Wheel 2 | . 2 . . Hover . | . . . . Flight . | . . . . Utility 5 | . 3 1 1 Device 3 | . 2 . 1 Storage 1 | . 1 . . Processor . | . . . . Hackware . | . . . . Protection 1 | . . 1 . Artifact . | . . . . Weapon 3 | . 3 . . Energy Gun . | . . . . Energy Cannon . | . . . . Ballistic Gun 3 | . 3 . . Ballistic Cannon . | . . . . Launcher . | . . . . Special Weapon . | . . . . Impact Weapon . | . . . . Slashing Weapon . | . . . . Piercing Weapon . | . . . . Special Melee Weapon . | . . . . Unidentified Prototypes . | . . . . Parts Lost 5 | . 2 3 . Power . | . . . . Propulsion 3 | . 1 2 . Utility . | . . . . Weapon 2 | . 1 1 . Highest Loss Streak 3 | . 2 3 . To Critical Strikes . | . . . . Average Slot Usage (%) 88 | . 92 72 14 Engine 13 | . 14 13 . Treads 20 | . 24 5 . Wheel 3 | . 2 5 . Device 21 | . 21 19 . Protection 1 | . . 6 . Ballistic Gun 26 | . 28 19 14 Naked Turns . | . . . . Heaviest Build 90 | 10 90 9 3 Greatest Support 40 | 40 40 10 3 Greatest Overweight (x) 2 | . 2 2 . Average Overweight (x) . | . . . . Largest Inventory Capacity 25 | 8 25 5 5 Average Capacity 5 | 8 5 5 5 Most Carried 6 | 6 5 5 5 Average Carried 4 | 5 4 5 5 Final Capacity 8 | 8 5 5 5 Final Carried 5 | 4 5 5 5 Class Distribution -------------------- 100% | Mutant Dominant Class ---------------- Mutant | -10/Materials Mutant | -10/Subcaves Mutant | -7/Recycling Resources | -11 -10 -10 -7 ----------- Run | Jun Mat Sub Rec Matter Collected 710 | 200 412 98 . Remotely . | . . . . Salvage Created 849 | . 751 98 . Parts 39 | . 31 8 . Haulers Intercepted 1 | . 1 . . Recyclers Shooed 2 | . 2 . . Parts Field Recycled . | . . . . Retrieved Matter . | . . . . Parts Self-Destructed 10 | . . 10 . Prevented . | . . . . Kills | -11 -10 -10 -7 ------- Run | Jun Mat Sub Rec Combat Hostiles Destroyed 16 | . 12 4 . Guns 16 | . 12 4 . Classes Destroyed 7 | . 6 1 . Builder 1 | . 1 . . Tunneler 1 | . 1 . . Hauler 1 | . 1 . . Recycler 3 | . 3 . . Turret 2 | . . 2 . Swarmer 6 | . 2 4 . Grunt 10 | . 10 . . Best Kill Streak 4 | . 3 4 . Combat Bots Only 4 | . 3 4 . Max Kills in Single Turn 2 | . 2 1 . Gunslinging 1 | . 1 . . Exploded . | . . . . Melee . | . . . . Uniques/NPCs Destroyed . | . . . . Combat | -11 -10 -10 -7 -------- Run | Jun Mat Sub Rec Damage Taken 1039 | . 581 458 . Core 225 | . 143 82 . Absorbed by Shields . | . . . . Core Remaining (%) 100 | 100 . . . Volleys Fired 92 | . 65 27 . Largest 2 | . 2 2 . Hottest 40 | . 40 40 . Shots Fired 171 | . 129 42 . Gun 171 | . 129 42 . Cannon . | . . . . Launcher . | . . . . Special . | . . . . Kinetic 171 | . 129 42 . Thermal . | . . . . Explosive . | . . . . Electromagnetic . | . . . . Robot Hit Streak 12 | . 12 10 . Robot Miss Streak 6 | . 3 6 . Penetration Max . | . . . . Secondary Targets 2 | . 1 1 . Max Gunslinging Chain 1 | . 1 1 . Shots Hit Robots 112 | . 88 24 . Core Hits 43 | . 33 10 . Critical Kills 1 | . 1 . . Critical Parts Destroyed 1 | . 1 . . Critical Strikes 2 | . 2 . . Destroy 2 | . 2 . . Melee Attacks . | . . . . Impact . | . . . . Slashing . | . . . . Piercing . | . . . . Sneak Attacks . | . . . . Combat Hostiles . | . . . . Follow-up Attacks . | . . . . Damage Inflicted 1332 | . 1042 290 . Guns 1331 | . 1041 290 . Cannons . | . . . . Explosions . | . . . . Melee . | . . . . Ramming 1 | . 1 . . Kinetic 1331 | . 1041 290 . Thermal . | . . . . Explosive . | . . . . Electromagnetic . | . . . . Impact . | . . . . Slashing . | . . . . Piercing . | . . . . Highest Corruption . | . . . . Average Corruption . | . . . . Corruption Purged . | . . . . Corruption Blocked . | . . . . Overload Shots . | . . . . Overflow Damage . | . . . . Projectiles . | . . . . Explosions . | . . . . Melee . | . . . . Knockbacks . | . . . . Impact . | . . . . Kinetic . | . . . . Secondary . | . . . . Self-Inflicted Damage . | . . . . Shots . | . . . . Rammed 1 | . 1 . . Targets Rammed 1 | . 1 . . Kicked . | . . . . Crushed . | . . . . Highest Temperature 27 | . 27 . . Average Temperature 11 | . 11 . . Received Heat Transfer 567 | . 324 243 . Siege Activations . | . . . . Robots Corrupted . | . . . . Combat Hostiles . | . . . . Parts Fried . | . . . . Impact Corruptions . | . . . . Robots Melted . | . . . . Combat Hostiles . | . . . . Parts Melted . | . . . . Heat Transferred . | . . . . Parts Sabotaged . | . . . . Parts Stolen . | . . . . Parts Stripped . | . . . . Power Chain Reactions . | . . . . Missiles Intercepted . | . . . . Alert | -11 -10 -10 -7 ------- Run | Jun Mat Sub Rec Peak Influence 608 | . 210 . 608 Initial 608 | . . . 608 Average 81 | . 75 . 608 Maximum Alert Level 2 | . 1 . 2 Low Security (%) 87 | 100 88 . . Level 1 10 | . 11 . . Level 2 1 | . . . 100 Level 3 . | . . . . Level 4 . | . . . . Level 5 . | . . . . High Security . | . . . . Max Security . | . . . . Squads Dispatched 4 | . 4 . . Investigation 1 | . 1 . . Extermination . | . . . . Reinforcement 3 | . 3 . . Assault . | . . . . Garrison . | . . . . Intercept . | . . . . Searches Triggered . | . . . . Construction Impeded . | . . . . Haulers Reinforced . | . . . . Active Scanning Responses . | . . . . Cargo Convoy Interrupts . | . . . . Stealth | -11 -10 -10 -7 --------- Run | Jun Mat Sub Rec Distress Signals 2 | . 2 . . Communications Jammed . | . . . . Distress Signals . | . . . . Times Spotted 55 | . 22 33 . Peak Tracking Total 6 | . 4 6 . Tactical Retreats 5 | . 1 4 . Traps | -11 -10 -10 -7 ------- Run | Jun Mat Sub Rec Traps Triggered 1 | . 1 . . Indirectly . | . . . . Trap Hack Attempts . | . . . . Triggered . | . . . . Disarmed . | . . . . Reprogrammed . | . . . . Reused . | . . . . Traps Extracted . | . . . . Installed . | . . . . Triggered . | . . . . Machines | -11 -10 -10 -7 ---------- Run | Jun Mat Sub Rec Machines Disabled 1 | . . 1 . Max in Single Turn 1 | . . 1 . Machines Repaired . | . . . . Machines Sabotaged . | . . . . Overloaded Fab Kills . | . . . . Hacking | -11 -10 -10 -7 --------- Run | Jun Mat Sub Rec Machines Accessed 4 | . 4 . . Terminals 3 | . 3 . . Fabricators . | . . . . Repair Stations . | . . . . Recycling Units 1 | . 1 . . Scanalyzers . | . . . . Garrison Access . | . . . . Total Hacks 6 | . 6 . . Successful 5 | . 5 . . Failed 1 | . 1 . . Catastrophic 1 | . 1 . . Database Lockouts . | . . . . Manual . | . . . . Terminals 5 | . 5 . . Fabricators . | . . . . Repair Stations . | . . . . Recycling Units 1 | . 1 . . Scanalyzers . | . . . . Garrison Access . | . . . . Terminal Hacks 5 | . 5 . . Robot Analysis 1 | . 1 . . Scanalyzer Index 1 | . 1 . . Unreport Threat 2 | . 2 . . Locate Traps 1 | . 1 . . Fabricator Hacks . | . . . . Repair Station Hacks . | . . . . Recycling Unit Hacks . | . . . . Scanalyzer . | . . . . Garrison Access Hacks . | . . . . Unauthorized Hacks . | . . . . Terminals . | . . . . Fabricators . | . . . . Repair Stations . | . . . . Recycling Units . | . . . . Scanalyzers . | . . . . Garrison Access . | . . . . Data Cores Recovered . | . . . . Used . | . . . . Hacking Detections 3 | . 3 . . Full Trace Events . | . . . . Feedback Events . | . . . . Feedback Blocked . | . . . . Robot Schematics Acquired . | . . . . Robots Built . | . . . . Authchips . | . . . . Time . | . . . . Total Robot Build Rating . | . . . . Part Schematics Acquired . | . . . . Parts Built . | . . . . Authchips . | . . . . Time . | . . . . Total Part Build Rating . | . . . . Parts Repaired . | . . . . Time . | . . . . Parts Recycled . | . . . . Recycled Matter . | . . . . Retrieved Matter . | . . . . Retrieved Components . | . . . . Parts Scanalyzed . | . . . . Part Schematics Acquired . | . . . . Parts Damaged . | . . . . Bothacking | -11 -10 -10 -7 ------------ Run | Jun Mat Sub Rec Used RIF Installer . | . . . . Robots Hacked . | . . . . Non-combat . | . . . . Combat . | . . . . Robot Hacks Applied . | . . . . Relay Couplers Released . | . . . . Fabnet Peak Effective % . | . . . . Robots Rewired . | . . . . Allies Hacked . | . . . . Hacks Repelled . | . . . . Allies | -11 -10 -10 -7 -------- Run | Jun Mat Sub Rec Total Allies . | . . . . Largest Group . | . . . . Highest-Rated Group . | . . . . Highest-Rated Ally . | . . . . Total Orders . | . . . . Ally Attacks . | . . . . Total Damage . | . . . . Kills . | . . . . Allies Corrupted . | . . . . Allies Melted . | . . . . Intel | -11 -10 -10 -7 ------- Run | Jun Mat Sub Rec Robot Analysis Total 1 | . 1 . . Derelict Logs Recovered . | . . . . Drone Launches . | . . . . Drone Recoveries . | . . . . Exploration | -11 -10 -10 -7 ------------- Run | Jun Mat Sub Rec Turns Passed 1127 | 3 924 189 11 Spaces Moved 621 | 1 496 106 18 Core 81 | . . 63 18 Treads 328 | 1 327 . . Legs . | . . . . Wheels 212 | . 169 43 . Hover . | . . . . Flight . | . . . . Fastest Speed 50 | 160 80 50 50 Average Speed 126 | 160 133 106 50 Slowest Speed 320 | 160 320 150 50 Overloaded Moves . | . . . . Propulsion Burnouts . | . . . . Robots Hopped . | . . . . Cave-ins Triggered . | . . . . Exploration Rate (%) 23 | 1 81 5 6 Regions Visited 3 Branch Regions 2 Pre-discovered Areas . | . . . . Known Exits Taken . | . . . . Unknown Exits Taken 3 | 1 1 1 . Scrap Searched . | . . . . Spaces Dug . | . . . . Terrain Destroyed . | . . . . Melee . | . . . . Projectile . | . . . . AOE . | . . . . Terrain Rammed . | . . . . Walls Destroyed . | . . . . Machines Disabled . | . . . . Actions | -11 -10 -10 -7 --------- Run | Jun Mat Sub Rec Total 799 | 4 635 141 19 Wait 54 | . 51 3 . Move 618 | . 495 105 18 Hop . | . . . . Pick Up 5 | . 5 . . Fast Attach 5 | . 4 . 1 Attach 3 | 2 1 . . Detach 1 | . 1 . . Swap 7 | . 5 2 . Drop 13 | 2 7 4 . Fire 92 | . 65 27 . Melee . | . . . . Ram . | . . . . Kick . | . . . . Crush 1 | . 1 . . Escape Stasis . | . . . . Rewire . | . . . . Trap . | . . . . Miscellaneous . | . . . . Route ------- -11/Junkyard -10/Materials (discovered 3 exits: [*Mat x2] / [*Sub]) -10/Subcaves -7/Recycling History --------- Turn | Location | Event 4 | -11/Junkyard | Discovered new exit (range 0) 4 | -11/Junkyard | Entered Materials 300 | -10/Materials | Build established: Mutant 554 | -10/Materials | Discovered new exit (range 13) 663 | -10/Materials | Discovered new exit (range 3) 743 | -10/Materials | Discovered new exit (range 8) 837 | -10/Materials | Core integrity fell below 50% 928 | -10/Materials | Entered Subcaves 993 | -10/Subcaves | Discovered new exit (range 12) 1014 | -10/Subcaves | Core integrity fell below 20% 1040 | -10/Subcaves | Lost 3 parts (2n1w) 1117 | -10/Subcaves | Entered Recycling 1120 | -7/Recycling | Found Scrap Engine 1128 | -7/Recycling | Self-destructed Last Messages --------------- 00989_ Acquired 12 matter. 00990_ Dropped Lgt. Ion Engine. 00991_ Lgt. Ion Engine fries itself beyond repair. 00992_ Flight Unit fries itself beyond repair. 00993_ Acquired 11 matter. 00993_ EXIT=FOUND 01002_ Machine disabled. 01005_ Wheel destroyed. 01007_ Lgt. Treads destroyed. 01009_ Assault Rifle destroyed. 01023_ Autobeam Turret destroyed. 01048_ Acquired 21 matter. 01051_ Acquired 23 matter. 01108_ Dropped Lgt. Armor Plating. 01109_ Dropped Structural Scanner. 01109_ Dropped Lgt. Ion Engine. A mysterious object appears at your location! LOCATION=UNKNOWN GOAL=ESCAPE 01120_ Acquired Scrap Engine. Map ----- +----------------------------------------------------+ | | | | | | | | | | | | | | | | | ??????????????????????????????????????? | | ??????????????????????????????????????? | | ??????????????????????????????????????? | | ??????????????????????????????????????? | | ??????????????????????????????????????? | | ??????????????????????????????????????? | | ??????????????????????????????????????? | | ???????????????????##########?????????? | | ???????????????????# !!!!#?????????? | | ???????????????????# ! #?????????? | | ???????????????????# #?#####???? | | ???????????????????# ! #?# #???? | | ???????????????????# ! #?# #???? | | ???????????????????# ! !!#?# #???? | | ???????????????????# #?# #???? | | ????????????????????? ! ! #?# #???? | | ??????????????????????? ??# #???? | | ???????????????##########@##### #???? | | ??????????? #???? | | ??????????? #???? | | ??????????? #???? | | ????????????#############+#########???? | | ??????????????????????????????????????? | | ??????????????????????????????????????? | | ??????????????????????????????????????? | | ??????????????????????????????????????? | | ??????????????????????????????????????? | | ??????????????????????????????????????? | | ??????????????????????????????????????? | | ??????????????????????????????????????? | | ??????????????????????????????????????? | | ??????????????????????????????????????? | | ??????????????????????????????????????? | | ??????????????????????????????????????? | | ??????????????????????????????????????? | | ??????????????????????????????????????? | | ??????????????????????????????????????? | | ??????????????????????????????????????? | | ??????????????????????????????????????? | | ??????????????????????????????????????? | | ??????????????????????????????????????? | | ??????????????????????????????????????? | +----------------------------------------------------+ Best States ------------- Heat Dissipation 39 Energy Generation 10 Energy Capacity 125 Matter Stores 300 Matter Capacity 300 Sight Range 16 Terrain Scan Density 10 Armor Coverage 150 Evasion (%) 50 Recoil Reduction 2 Item Schematics ----------------- None Robot Schematics ------------------ None Fabricated ------------ Nothing Alien Tech Used ----------------- None Achievements -------------- None Challenges ------------ None Game ------ Seed DefenseGreatMinigun Manual? 0 Play Time 00:08:11 Cumulative 781.0 hours Start 2023.06.21 @ 22:41:25 End 2023.06.21 @ 22:51:14 Sessions 3 Manual Loads 0 Difficulty Rogue Special Mode None Game No. 684 Rogue 684 Adventurer 0 Explorer 0 Win Type - Total 36 Types 14/6/6/1/1/1/5/1/1 Lore% 88 Gallery% 94 Achievement% 81 Wizard Run 0 Options --------- ASCII 0 Keyboard 0 Movement Mouse Keybinds 1 Fullscreen 2 Font 24/Smallcaps Map View 76x50 Tactical HUD 1 Map Filters NONE Filters NONE Steam 1 RUN: 03904d78-e125-4671-8536-5ec1a6ad0e13